 Dungeon Crawl Stone Soup version 0.32-a0-119-g2e8054a333 (webtiles) character file.

Game seed: 7516295887137889479

1791557 jboons the Meteorologist (level 27, 173/173 HPs)
             Began as a Tengu Cinder Acolyte on Feb 6, 2024.
             Was a High Priest of Ignis.
             Escaped with the Orb
             ... and 4 runes!
             The game lasted 04:53:06 (109922 turns).

jboons the Meteorologist (Tengu Cinder Acolyte)   Turns: 109922, Time: 04:53:07

Health: 173/173    AC: 19    Str: 16    XL:     27
Magic:  44/44      EV: 26    Int: 29    God:    Ignis [*****.]
Gold:   8255       SH: 14    Dex: 19    Spells: 1/58 levels left

rFire   + + .        w - staff of air
rCold   + . .        N - +3 warlock's mirror {omnireflect}
rNeg    + + .        P - quicksilver dragon scales
rPois   +            D - -2 hat of the Alchemist {rElec rPois rF+ rC+ rN+ Will+ rMut rCorr}
rElec   +            T - +2 cloak
rCorr   +            j - +3 pair of gauntlets of War {Slay+5}
SInv    +            (boots unavailable)
Will    +++++        b - amulet "Udauh" {Reflect Dex+6 SH+5}
Stlth   +            c - ring of the Mage {Wiz Archmagi}
HPRegen 0.48/turn    i - ring "Pusirr" {rN+ Will+ Int+5 SInv}
MPRegen 0.29/turn

%: reflection, acrobat, resist mutation, wizardry (x1), archmagi
@: flying
A: beak, talons 3, evasive flight, acrobatic
0: Orb of Zot
}: 4/15 runes: barnacled, slimy, silver, gossamer
a: Renounce Religion, Fiery Armour, Foxfire Swarm


You escaped.
You worshipped Ignis.
Ignis was extremely pleased with you.
You visited 11 branches of the dungeon, and saw 55 of its levels.

You collected 11251 gold pieces.
You spent 2996 gold pieces at shops.

Inventory:

Hand Weapons
 a - a +6 demon whip of freezing
Missiles
 V - 4 throwing nets
Armour
 j - the +3 pair of gauntlets of War (worn) {Slay+5}
   (You found it on level 2 of the Dungeon)

   Slay+5:    It affects your accuracy & damage with ranged weapons and melee
   (+5).
 D - the -2 hat of the Alchemist (worn) {rElec rPois rF+ rC+ rN+ Will+ rMut rCorr}
   (You bought it in a shop on level 4 of the Dungeon)

   rF+:       It protects you from fire.
   rC+:       It protects you from cold.
   rElec:     It insulates you from electricity.
   rPois:     It protects you from poison rN+: It protects you from negative
   energy.
   Will+:     It increases your willpower.
   rCorr:     It protects you from acid and corrosion.
   rMut:      It protects you from mutation.
 K - an orb of energy
 N - the +3 warlock's mirror (worn) {omnireflect}
   (You found it on level 4 of the Dungeon)

   Omnireflect: It can block and reflect piercing ranged attacks and magical
   attacks against the wielder's willpower.
 P - quicksilver dragon scales (worn)
 T - a +2 cloak (worn)
Magical Staves
 w - a staff of air (weapon)
Jewellery
 b - the amulet "Udauh" (around neck) {Reflect Dex+6 SH+5}
   (You took it off a deep elf pyromancer on level 3 of the Elven Halls)

   [amulet of reflection]

   Reflect:   It reflects blocked missile attacks.
   Dex+6:     It affects your dexterity (+6).
   SH+5:      It affects your SH (+5).
 c - the ring of the Mage (left hand) {Wiz Archmagi}
   (You took it off a deep elf pyromancer on level 3 of the Elven Halls)

   [ring of wizardry]

   Wiz:       It improves your spell success rate.
   Archmagi:  It increases the power of your magical spells.
 i - the ring "Pusirr" (right hand) {rN+ Will+ Int+5 SInv}
   (You took it off a deep elf pyromancer on level 3 of the Elven Halls)

   [ring of willpower]

   Int+5:     It affects your intelligence (+5).
   rN+:       It protects you from negative energy.
   Will+:     It increases your willpower.
   SInv:      It lets you see invisible.
 G - the ring of Shadows {Umbra +Inv Stlth+}
   (You found it on level 14 of the Dungeon)

   [ring of stealth]

   Umbra:     It surrounds you with an aura of shadow, increasing your stealth
   and reducing the accuracy of all others within it.
   +Inv:      It lets you turn invisible.
   Stlth+:    It makes you more stealthy.
 M - the ring of Pyol {Fly rElec rF+ rCorr MP+9}
   (You found it on level 4 of the Shoals)

   [ring of flight]

   rF+:       It protects you from fire.
   rElec:     It insulates you from electricity.
   MP+9:      It affects your magic capacity (+9).
   Fly:       It grants you flight.
   rCorr:     It protects you from acid and corrosion.
 X - an amulet of magic regeneration
Wands
 f - a wand of acid (27)
 u - a wand of flame (117)
 I - a wand of charming (67)
 L - a wand of digging (14)
 R - a wand of roots (19)
 U - a wand of mindburst (22)
 Z - a wand of polymorph (12)
Scrolls
 e - 13 scrolls of fog
 m - 11 scrolls of enchant armour
 n - 15 scrolls of teleportation
 p - 11 scrolls of fear
 r - 5 scrolls of poison
 s - a scroll of revelation
 y - 6 scrolls of noise
 z - a scroll of summoning
 A - 9 scrolls of amnesia
 J - 8 scrolls of vulnerability
 O - 7 scrolls of blinking
 Q - 13 scrolls of immolation
Potions
 d - 10 potions of heal wounds
 g - 4 potions of attraction
 k - 7 potions of mutation
 o - 7 potions of might
 q - 15 potions of curing
 t - 13 potions of enlightenment
 v - 8 potions of ambrosia
 x - 6 potions of brilliance
 B - 4 potions of haste
 F - 6 potions of cancellation
 H - 8 potions of lignification
 S - 9 potions of magic
 W - 3 potions of invisibility
 Y - a potion of resistance
Miscellaneous
 h - a phial of floods
 l - a lightning rod (4/4)
 C - a phantom mirror
 E - a box of beasts


   Skills:
 - Level 18.0 Fighting
 - Level 6.0 Short Blades
 - Level 12.0 Maces & Flails
 - Level 3.2 Polearms
 - Level 12.0 Armour
 - Level 19.0 Dodging
 - Level 5.0 Shields
 - Level 16.0 Spellcasting
 O Level 27 Conjurations
 - Level 20.0 Necromancy
 - Level 4.0 Translocations
 - Level 5.0 Fire Magic
 + Level 14.3 Ice Magic
 O Level 27 Air Magic
 - Level 6.0 Earth Magic
 - Level 5.0 Evocations


You had one spell level left.
You knew the following spells:

 Your Spells              Type           Power      Damage    Failure   Level
a - Polar Vortex          Ice            51%        12d6*     98%         9
b - Borgnjor's Vile Clut  Necr/Erth      49%        N/A       1%          5
c - Animate Dead          Necr           100%       N/A       0%          4
d - Death Channel         Necr           59%        N/A       1%          6
e - Dispel Undead         Necr           100%       3d31      0%          4
f - Maxwell's Capacitive  Air            79%        ∞         1%          8
g - Chain Lightning       Conj/Air       79%        3d106     2%          9
h - Sublimation of Blood  Necr           100%       N/A       0%          2
B - Blink                 Tloc           100%       N/A       1%          2
R - Borgnjor's Revivific  Necr           59%        N/A       3%          8

Your spell library contained the following spells:

 Spells                   Type           Power      Damage    Failure   Level
 Foxfire                  Conj/Fire      100%       2x1d9     0%          1
 Freeze                   Ice            100%       1d10      0%          1
 Kiss of Death            Conj/Necr      100%       2d13      0%          1
 Magic Dart               Conj           100%       1d8       0%          1
 Necrotise                Necr           100%       1d9       0%          1
 Shock                    Conj/Air       100%       1d9       0%          1
 Sandblast                Erth           100%       2d20      1%          1
 Slow                     Hex            100%       N/A       1%          1
 Cigotuvi's Dreadful Rot  Necr/Alch/Air  100%       N/A       0%          2
 Momentum Strike          Conj/Tloc      100%       3d10      0%          2
 Fugue of the Fallen      Necr           100%       N/A       0%          3
 Hailstorm                Conj/Ice       100%       3d16      0%          3
 Mephitic Cloud           Conj/Alch/Air  100%       N/A       0%          3
 Stone Arrow              Conj/Erth      100%       3d13      0%          3
 Swiftness                Air            100%       N/A       0%          3
 Vampiric Draining        Necr           100%       2d13      0%          3
 Airstrike                Air            79%        2d(12-28) 0%          4
 Freezing Cloud           Conj/Ice/Air   74%        6-21      0%          5
 Iskenderun's Battlesphe  Conj           100%       2d15      0%          5
 Ensorcelled Hibernation  Hex/Ice        100%       N/A       1%          2
 Lesser Beckoning         Tloc           100%       N/A       1%          2
 Scorch                   Fire           100%       2d9       1%          2
 Dazzling Flash           Conj/Hex       100%       N/A       1%          3
 Frozen Ramparts          Ice            100%       1d16      1%          3
 Gell's Gravitas          Tloc           62%        N/A       1%          3
 Inner Flame              Hex/Fire       54%        N/A       1%          3
 Ozocubu's Armour         Ice            100%       N/A       1%          3
 Passwall                 Erth           72%        N/A       1%          3
 Summon Ice Beast         Ice/Summ       77%        N/A       1%          3
 Teleport Other           Tloc           62%        N/A       1%          3
 Volatile Blastmotes      Fire/Tloc      100%       2d18      1%          3
 Anguish                  Hex/Necr       44%        N/A       1%          4
 Brom's Barrelling Bould  Conj/Erth      100%       2d11      1%          4
 Flame Wave               Conj/Fire      100%       2d21      1%          4
 Martyr's Knell           Necr/Summ      89%        N/A       1%          4
 Curse of Agony           Necr           100%       N/A       1%          5
 Fireball                 Conj/Fire      54%        3d21      1%          5
 Silence                  Hex/Air        61%        N/A       1%          5
 Bombard                  Conj/Erth      54%        9d9       1%          6
 Starburst                Conj/Fire      54%        6d15      1%          6
 Call Imp                 Summ           68%        N/A       2%          2
 Jinxbite                 Hex            68%        N/A       2%          2
 Metabolic Englaciation   Hex/Ice        38%        N/A       2%          5
 Manifold Assault         Tloc           62%        N/A       3%          4
 Passage of Golubria      Tloc           62%        N/A       3%          4
 Infestation              Necr           59%        N/A       3%          8
 Call Canine Familiar     Summ           34%        N/A       4%          3
 Confusing Touch          Hex            34%        N/A       4%          3
 Sigil of Binding         Hex            34%        N/A       4%          3
 Tukima's Dance           Hex            34%        N/A       4%          3
 Leda's Liquefaction      Alch/Erth      28%        N/A       4%          4
 Petrify                  Alch/Erth      57%        N/A       4%          4
 Sticky Flame             Fire/Alch      54%        2d10      6%          4
 Summon Blazeheart Golem  Fire/Summ      54%        N/A       6%          4
 Spellforged Servitor     Conj/Summ      50%        N/A       6%          7
 Dimensional Bullseye     Hex/Tloc       25%        N/A       8%          4
 Sculpt Simulacrum        Ice/Alch       38%        N/A       13%         6
 Cause Fear               Hex            17%        N/A       16%         4
 Summon Forest            Summ/Tloc      25%        N/A       21%         5
 Haunt                    Necr/Summ      44%        N/A       22%         7
 Death's Door             Necr           59%        N/A       41%         9
 Dispersal                Tloc           31%        N/A       43%         6
 Fire Storm               Conj/Fire      54%        8d14      90%         9
 Summon Cactus Giant      Summ           17%        N/A       91%         6
 Malign Gateway           Summ/Tloc      25%        N/A       99%         7
 Disjunction              Tloc           31%        N/A       100%        8
 Summon Horrible Things   Summ           17%        N/A       100%        8
 Dragon's Call            Summ           17%        N/A       100%        9
 Shatter                  Erth           36%        3d29*     100%        9


Dungeon Overview and Level Annotations

Branches:
Dungeon (15/15)            Temple (0/1) D:5            Lair (5/5) D:9
 Shoals (4/4) Lair:2       Spider (4/4) Lair:2        Slime (5/5) Lair:5
    Orc (2/2) D:10            Elf (3/3) Orc:2        Vaults (5/5) D:13
  Crypt (3/3) Vaults:2       Tomb (0/3) Crypt:3      Depths (4/4) D:15
    Zot (5/5) Depths:4

Altars:
Fedhas
Gozag
Hepliaklqana
Makhleb
Wu Jian
Xom
Zin
Jiyva

Shops:
D:4 [:=   D:6 *   D:8 [   D:13 :   Orc:2 (=[**   Elf:1 :   Elf:2 *   Elf:3 **[
Shoals:3 !   Shoals:4 *   Vaults:2 (   Vaults:3 !

Portals:
Hell: Lair:5 Depths:1 Depths:2 Depths:3 Depths:4
Abyss: Depths:2 Depths:3 Depths:4
Pandemonium: Depths:2 Depths:3
Ziggurat: Depths:4

Annotations:
D:6 2 runed translucent doors
D:9 3 runed translucent doors, drugrobin's ghost, novice DgDe
D:13 2 transporters, Azoth's ghost, journeyman OnMo
Shoals:4 3 runed translucent doors, exclusion: obsidian statue, Firecrotchwizard's ghost, adept TeBe
Spider:4 2 transporters, Juni's ghost, adept MiGl
Elf:2 3 runed translucent doors
Vaults:4 3 runed translucent doors, Qoas's ghost, adept GnCA


Innate Abilities, Weirdness & Mutations

You have a beak for a mouth.
You have claws for feet.
Your magical flight helps you evade attacks. (EV +4)
You can magically evade attacks while moving or waiting.


Message History

There is an open door here.
There is a stone staircase leading up here.
You fly upwards.
There is a stone staircase leading down here.
A ynoxinul comes into view.
The ynoxinul bellows!
You feel a strong surge of power! Lightning arcs from your hands!
The bolt of lightning hits the ynoxinul!!!
The ynoxinul resists.
You kill the ynoxinul!
A sun demon comes into view.
A balrug comes into view. It is wielding a +0 demon whip.
You feel yourself speed up. The balrug gestures at you. Something smites you!
Items here: )) ÷÷÷.
There is a stone staircase leading up here.
You fly upwards.
There is a stone staircase leading down here.
What level of the Dungeon? (default 5, ? - help) Magic restored.
There is a stone staircase leading up here.
You fly upwards.
There is a stone staircase leading down here.
There is a stone staircase leading up here.
You fly upwards.
There is a stone staircase leading down here.
There is a stone staircase leading up here.
You fly upwards.
HP restored.
There is a stone staircase leading down here.
Your extra speed is starting to run out.
You feel yourself slow down.
You see here a quokka skeleton.
You see here a rat skeleton.
Things that are here:
a +0 whip; a ball python skeleton You see here a +0 short sword.
There is an open door here.
There is a staircase leading out of the dungeon here.
You have escaped!

#### ♣♣♣♣♣
##..#######...♣♣♣
#....'..........♣♣
#@...#............
##..#######.......
#'##ß..ß.........
#..#....P...÷....
#..#.P.P.P..#..#.
#..#..P...P.#..#.
#..#...P.P[.#..#.
#..#..P.P.P.#..#.
#..#.P......#..#.


There were no monsters in sight!

Vanquished Creatures
  the Royal Jelly (Slime:5)
  2 dread liches (Vaults:5)
  4 orbs of fire (Zot:5)
  6 ancient liches
  Mennas (Crypt:3)
  Sojobo (Vaults:2)
  A pandemonium lord (Zot:1)
  Boris (Vaults:3)
  7 Killer Klowns
  Margery (Crypt:3)
  Saint Roka (Vaults:2)
  4 golden dragons
  Nikola (Shoals:2)
  Norris (Vaults:3)
  Arachne (Spider:4)
  3 bone dragons
  7 electric golems
  The ghost of Goociwk the Warrior, an adept GrFi of Cheibriados (Crypt:1)
  3 doom hounds (Crypt:2)
  A hellephant (Crypt:3)
  12 tentacled monstrosities
  Asterion (Vaults:2)
  Grunn (Crypt:2)
  A Hell Sentinel (D:13)
  4 deep elf blademasters (Elf:3)
  7 liches
  26 Orb Guardians
  3 titans (Vaults:5)
  2 deep elf master archers (Elf:3)
  7 quicksilver dragons
  4 ancient champions
  A walking frostbound tome (Depths:1)
  18 acid blobs (Slime:5)
  A kraken (Shoals:1)
  3 sphinxes
  11 tengu reavers
  Polyphemus (Shoals:2)
  6 storm dragons
  6 death cobs
  10 shadow dragons
  Ilsuiw (Shoals:2)
  9 rockslimes
  Aizul (Elf:2)
  13 azure jellies
  4 draconian monks
  2 protean progenitors (Zot:2)
  4 fire giants
  8 frost giants
  3 draconian knights
  7 emperor scorpions
  7 vault wardens
  9 deep elf sorcerers
  6 ghost moths
  3 iron dragons
  3 draconian shifters
  8 draconian scorchers
  Louise (Spider:3)
  3 deep elf elementalists
  4 reapers
  12 ghouls
  A draconian stormcaller (Zot:5)
  5 formless jellyfish
  4 orc warlords
  2 broodmothers
  A caustic shrike zombie (Crypt:1)
  8 draconian annihilators
  2 spriggan defenders (Depths:2)
  14 stone giants
  16 quicksilver oozes
  14 ironbound preservers
  A juggernaut skeleton (Crypt:2)
  A caustic shrike skeleton (Crypt:3)
  7 deep elf demonologists
  8 ironbound thunderhulks
  4 black draconians
  11 very ugly things
  8 deep elf death magi
  6 red draconians
  8 vampire knights
  12 dire elephants
  6 deep elf annihilators
  7 green draconians
  9 purple draconians
  6 white draconians
  Azrael (Orc:1)
  4 yellow draconians
  7 war gargoyles
  6 spark wasps
  Snorg (Lair:3)
  3 merfolk javelineers
  5 crystal guardians
  12 ettins
  11 fire dragons
  An eidolon (Crypt:1)
  5 deep elf high priests
  6 entropy weavers
  12 merfolk impalers
  Josephine (D:9)
  12 yaktaur captains
  29 vault guards
  2 quicksilver dragon skeletons (Crypt:1)
  2 rakshasas
  2 peacekeepers
  15 great orbs of eyes
  4 ice dragons
  A caustic shrike simulacrum (Depths:2)
  8 hydras
  2 spriggan air magi (Depths:2)
  8 ogre magi
  2 radroaches
  A radroach (shapeshifter) (Vaults:2)
  4 jorogumos (Spider:4)
  13 two-headed ogres
  9 centaur warriors
  A bennu zombie (Crypt:1)
  A fenstrider witch skeleton (Crypt:2)
  2 alligator snapping turtles
  A catoblepas (Shoals:1)
  7 ironbound frosthearts
  21 dancing weapons
  7 merfolk aquamancers
  3 merfolk avatars
  7 demonic crawlers
  A two-headed ogre (shapeshifter) (Vaults:3)
  14 death yaks
  7 boulder beetles
  3 orc high priests
  2 vampire magi
  9 deep troll earth magi
  6 tengu warriors
  6 deep troll shamans
  A shock serpent (shapeshifter) (Vaults:5)
  2 spriggan berserkers
  Urug (Orc:2)
  16 hell knights
  5 occultists
  12 deep elf knights
  A salamander mystic (Depths:3)
  Sonja (Lair:1)
  3 soul eaters
  2 skysharks (shapeshifter) (Vaults:5)
  4 pharaoh ants
  44 skeletal warriors
  4 sun demons
  A titan skeleton (Crypt:2)
  9 skysharks
  Amaemon (D:9)
  11 sea snakes
  8 iron trolls
  A sea snake (shapeshifter) (Vaults:3)
  A storm dragon skeleton (D:15)
  A quicksilver dragon simulacrum (Crypt:1)
  3 sun moths
  A golden dragon zombie (Crypt:3)
  3 glowing orange brains
  A flayed ghost (Crypt:1)
  A shadow demon (Depths:2)
  29 deep trolls
  2 orb spiders (shapeshifter) (Vaults:5)
  7 phantasmal warriors
  13 orb spiders
  An orange crystal statue (Elf:2)
  A sun moth (shapeshifter) (Vaults:5)
  5 arcanists
  9 deep elf archers
  3 golden dragon skeletons (Crypt:1)
  12 lindwurms
  7 steelbarb worms
  16 orc knights
  41 deep elf pyromancers
  14 necromancers
  Pikel (D:8)
  7 harpies
  18 wolf spiders
  3 orc sorcerers
  26 deep elf zephyrmancers
  10 ironbound convokers
  29 ugly things
  4 shining eyes
  12 manticores
  5 cyclopes
  A cyclops (shapeshifter) (Vaults:3)
  7 fauns
  A salamander (shapeshifter) (Elf:1)
  4 meliai
  22 moths of wrath
  A frost giant skeleton (Vaults:2)
  2 eleionoma skeletons (Crypt:1)
  29 elephants
  A shadow dragon skeleton (Crypt:3)
  4 salamanders
  4 black mambas
  6 merfolk sirens
  18 vault sentinels
  A draconian skeleton (Crypt:1)
  A stone giant skeleton (Vaults:2)
  A kobold blastminer (Orc:2)
  An iron dragon skeleton (Crypt:1)
  Joseph (D:8)
  2 torpor snails
  A smoke demon (Lair:5)
  4 human skeletons (Vaults:2)
  4 water nymphs
  4 orange demons
  2 gargoyles
  14 cane toads
  A centaur skeleton (Crypt:3)
  4 eyes of devastation
  2 unseen horrors
  A yellow draconian zombie (Crypt:1)
  A pale draconian zombie (Crypt:1)
  24 yaktaurs
  8 rime drakes
  8 komodo dragons
  2 tengu conjurers
  A black draconian zombie (Crypt:2)
  2 freezing wraiths
  An efreet (D:14)
  An ice devil (Lair:5)
  A yellow draconian skeleton (Crypt:2)
  2 dire elephant skeletons
  A troll (shapeshifter) (D:11)
  A white draconian skeleton (Crypt:2)
  2 yaktaur skeletons
  A red devil (Lair:5)
  A polar bear (Lair:4)
  7 trolls
  21 merfolk
  A grey draconian skeleton (Crypt:1)
  A hellwing (D:7)
  4 harpy zombies (Crypt:3)
  4 wind drakes
  A hydra skeleton (Crypt:1)
  22 blink frogs
  23 tarantellas
  A glass eye (Slime:3)
  6 snapping turtles
  4 spriggan zombies
  2 harpy skeletons
  4 hornets (Spider:4)
  A stone giant simulacrum (Vaults:3)
  5 dream sheep
  An iron dragon simulacrum (Crypt:1)
  86 slime creatures
  2 air elementals (Elf:1)
  An ettin skeleton (Vaults:3)
  50 jumping spiders
  A spriggan (shapeshifter) (Depths:3)
  A frost giant simulacrum (Depths:2)
  A culicivora (shapeshifter) (Vaults:5)
  2 shadows
  18 culicivoras
  4 fire dragon skeletons (Crypt:1)
  4 basilisks
  15 water elementals
  11 wraiths
  4 fire bats (Depths:3)
  7 wyverns
  A ynoxinul (D:5)
  2 spriggan skeletons
  5 fire elementals
  55 yaks
  43 redbacks
  An elf skeleton (Vaults:2)
  7 wargs
  3 golden eyes
  2 steam dragons
  9 vampire mosquitoes
  2 human simulacra
  A merfolk zombie (Shoals:1)
  A two-headed ogre zombie (Orc:2)
  A spatial vortex (Depths:1)
  2 acid dragons
  14 water moccasins
  8 hell hounds
  A naga skeleton (Crypt:3)
  2 ice beasts
  A black bear (Lair:3)
  2 glowing shapeshifter skeletons
  31 orc warriors
  An ice beast (shapeshifter) (Vaults:5)
  22 laughing skulls (Crypt:3)
  13 ogres
  An ice dragon simulacrum (Crypt:2)
  11 centaurs
  10 wolves
  A phantom (D:5)
  A torpor snail zombie (Crypt:2)
  A kobold zombie (Orc:2)
  3 kobold brigands (D:7)
  3 necrophages
  16 bullfrogs
  2 earth elementals
  A gnoll sergeant (D:10)
  2 scorpions
  A water moccasin zombie (Crypt:2)
  14 killer bees
  12 electric eels
  5 howler monkeys
  3 bombardier beetles
  25 orc priests
  5 hounds
  3 jellies
  2 iguanas
  Terence (D:3)
  20 orc wizards
  5 hell rats (Lair:3)
  Robin (D:3)
  8 gnolls
  10 adders
  2 white imps
  2 ufetubi (D:5)
  3 ribbon worms
  A dart slug (D:2)
  69 orcs
  7 bats
  9 endoplasms
  3 giant cockroaches
  11 goblins
  7 hobgoblins
  4 jackals (D:3)
  3 quokkas (D:1)
  8 ball pythons
  3 frilled lizards (D:1)
  A hobgoblin zombie (Crypt:1)
  20 kobolds
  8 rats
  A river rat skeleton (Crypt:1)
  A river rat zombie (Crypt:2)
  5 aspiring fleshes (Zot:2)
  A tentacle (Shoals:1)
2224 creatures vanquished.

Vanquished Creatures (collateral kills)
  A frost giant (Depths:1)
  A deep elf sorcerer (Depths:2)
  An ironbound preserver (Vaults:4)
  A very ugly thing (Vaults:3)
  A stone giant (Depths:1)
  An ironbound thunderhulk (Vaults:4)
  A deep elf demonologist (Elf:3)
  2 merfolk javelineers (Shoals:1)
  3 merfolk impalers (Shoals:3)
  A boulder beetle (D:12)
  An ironbound frostheart (Vaults:1)
  A two-headed ogre (Orc:2)
  A tengu warrior (D:14)
  2 spriggan berserkers (Depths:3)
  A deep troll shaman (Depths:1)
  A skyshark (Shoals:1)
  9 deep trolls
  2 sea snakes (Shoals:1)
  An arcanist (Vaults:1)
  2 ironbound convokers (Vaults:1)
  An orc knight (Vaults:4)
  A deep elf pyromancer (Elf:2)
  5 manticores
  An ugly thing (Depths:2)
  2 harpies (Shoals:1)
  A cyclops (Shoals:4)
  A faun (Shoals:4)
  2 vault sentinels
  2 water nymphs (Shoals:1)
  A kobold blastminer (Orc:2)
  2 gargoyles (D:12)
  A yaktaur (Vaults:1)
  A golden dragon simulacrum (Depths:2)
  4 merfolk
  A hornet (Depths:3)
  3 dream sheep (Shoals:4)
  A stone giant simulacrum (Depths:2)
  A spriggan (Depths:3)
  2 orc warriors (Orc:2)
  An ogre (Orc:2)
  An orc priest (Orc:2)
  4 orcs
73 creatures vanquished.

Vanquished Creatures (others)
  An eldritch tentacle (Depths:1)
  A deep elf knight (Elf:2)
  An orb spider (Spider:4)
  An ironbound convoker (Vaults:2)
  7 ugly thing zombies
  A deep elf zephyrmancer (Elf:1)
  2 sea snake zombies
  2 iron troll zombies (Depths:2)
  3 harpy zombies (Shoals:1)
  A boulder beetle zombie (D:12)
  A jumping spider (Spider:1)
  4 two-headed ogre zombies (Orc:2)
  2 water nymph zombies
  8 merfolk zombies
  A tengu zombie (D:14)
  A deep troll zombie (Depths:2)
  4 lindwurm zombies (Vaults:1)
  An orc warrior (Orc:2)
  A snapping turtle zombie (Shoals:1)
  7 elf zombies
  A manticore zombie (Shoals:1)
  A kobold zombie (Orc:2)
  A hell hound zombie (Orc:2)
  A troll zombie (D:12)
  A basilisk zombie (D:12)
  An acid dragon zombie (D:12)
  2 ogre zombies (Orc:2)
  26 orc zombies
  15 tentacles (Shoals:1)
99 creatures vanquished.

Grand Total: 2396 creatures vanquished

Notes
Turn   | Place    | Note
-------+----------+-------------------------------------------
     0 | D:1      | jboons the Tengu Cinder Acolyte began the quest for the
                  | Orb.
     0 | D:1      | Reached XP level 1. HP: 14/14 MP: 3/3
   217 | D:1      | Reached XP level 2. HP: 19/19 MP: 5/5
   722 | D:1      | Reached XP level 3. HP: 23/23 MP: 6/6
   725 | D:1      | Learned a level 2 spell: Scorch
   728 | D:1      | Learned a level 2 spell: Blink
   827 | D:2      | Found the +3 pair of gauntlets of War {Slay+5}
  1416 | D:2      | Reached XP level 4. HP: 28/28 MP: 8/8
  1426 | D:2      | Identified the +4 ring mail "Sibeb" {rCorr Str+2}
  1824 | D:3      | Reached XP level 5. HP: 32/32 MP: 10/10
  1828 | D:3      | Reached skill level 5 in Fire Magic
  1845 | D:3      | Noticed Terence
  1849 | D:3      | Killed Terence
  1850 | D:3      | Reached skill level 1 in Short Blades
  1882 | D:3      | Noticed Robin
  1908 | D:3      | Killed Robin
  2438 | D:3      | Reached XP level 6. HP: 37/37 MP: 11/11
  2548 | D:4      | Found Viujix's Armour Shop.
  2627 | D:4      | Found the +3 warlock's mirror {omnireflect}
  2645 | D:4      | Found Hieguc's Jewellery Shoppe.
  2929 | D:4      | Found Zuqoklye's Book Emporium.
  3009 | D:5      | Entered Level 5 of the Dungeon
  3040 | D:5      | Reached skill level 5 in Short Blades
  3064 | D:5      | Noticed an ice beast
  3072 | D:5      | Killed an ice beast
  3073 | D:5      | Gained mutation: Your magical flight helps you evade
                  | attacks. (EV +4) [Tengu growth]
  3073 | D:5      | Reached XP level 7. HP: 41/41 MP: 12/12
  3170 | D:5      | Reached skill level 1 in Maces & Flails
  3292 | D:5      | Identified the ring of Amidada {Fly rF+ Str+3 Int+4 Stlth-}
  3437 | D:5      | Found a staircase to the Ecumenical Temple.
  3603 | D:6      | Reached skill level 1 in Shields
  3603 | D:6      | Reached XP level 8. HP: 48/48 MP: 10/13
  3711 | D:6      | Reached skill level 5 in Fighting
  3754 | D:6      | You are sucked into a shaft and drop 1 floor!
  3756 | D:7      | Noticed a wyvern
  3767 | D:8      | Killed a wyvern
  3806 | D:7      | Reached skill level 5 in Maces & Flails
  3849 | D:7      | Identified the +7 quarterstaff "Ucot" {elec, Dex+3}
  3934 | D:7      | Reached XP level 9. HP: 54/54 MP: 14/14
  4075 | D:7      | Reached skill level 5 in Shields
  4829 | D:6      | Reached skill level 10 in Maces & Flails
  4833 | D:6      | Reached XP level 10. HP: 46/59 MP: 15/15
  4937 | D:6      | Found a large runed translucent door.
  4937 | D:6      | Found a large runed translucent door.
  4937 | D:6      | Found a shimmering altar of Xom.
  5027 | D:6      | Found Gulogye's Gadget Gallery.
  5897 | D:8      | Noticed Joseph
  5912 | D:8      | Killed Joseph
  6109 | D:8      | Found Nyih's Antique Armour Shoppe.
  6114 | D:8      | Noticed Pikel
  6119 | D:8      | Killed Pikel
  6137 | D:8      | Reached skill level 1 in Armour
  6589 | D:9      | Found a staircase to the Lair.
  6840 | D:9      | Found a runed translucent gate.
  6840 | D:9      | Found a runed translucent gate.
  6841 | D:9      | Found a runed translucent gate.
  6845 | D:9      | Noticed drugrobin's ghost (novice DgDe)
  7281 | D:9      | Reached skill level 5 in Armour
  7291 | D:9      | Reached XP level 11. HP: 62/67 MP: 16/16
  7406 | D:9      | Identified the +3 plate armour of the Hills {MP+9}
  7466 | D:10     | Entered Level 10 of the Dungeon
  7615 | D:10     | Found a glowing silver altar of Zin.
  7631 | D:10     | Found a blossoming altar of Fedhas.
  7728 | D:10     | Noticed Josephine
  7912 | D:9      | Killed Josephine
  8106 | D:10     | Identified the +6 battleaxe "Z" {holy, Will+}
  8332 | D:10     | Found a staircase to the Orcish Mines.
  8474 | D:11     | Noticed a manticore
  8479 | D:11     | Killed a manticore
  8492 | D:11     | Noticed an entropy weaver
  8492 | D:11     | an entropy weaver changed into a troll
  8523 | D:11     | Noticed a boulder beetle
  8605 | D:11     | Killed a boulder beetle
  8804 | D:11     | Reached XP level 12. HP: 63/77 MP: 17/17
  8806 | D:11     | Reached skill level 10 in Fighting
  8980 | D:11     | Reached skill level 1 in Evocations
  9387 | D:4      | Bought the -2 hat of the Alchemist {rElec rPois rF+ rC+ rN+
                  | Will+ rMut rCorr} for 613 gold pieces
  9387 | D:4      | Found the -2 hat of the Alchemist {rElec rPois rF+ rC+ rN+
                  | Will+ rMut rCorr}
  9527 | Lair:1   | Entered Level 1 of the Lair of Beasts
  9527 | Lair:1   | Noticed Amaemon
  9541 | D:9      | Killed Amaemon
  9542 | D:9      | Reached skill level 10 in Armour
  9797 | Lair:1   | Identified the +6 trident "Luxo" {flame, rPois Str+3}
 10078 | Lair:1   | Reached skill level 5 in Evocations
 10085 | Lair:1   | Reached skill level 1 in Dodging
 10676 | Lair:1   | Noticed Sonja
 10684 | Lair:1   | Killed Sonja
 11316 | Lair:2   | Reached skill level 5 in Dodging
 11494 | Lair:2   | Reached XP level 13. HP: 61/84 MP: 2/18
 11632 | Lair:2   | Found a staircase to the Shoals.
 11670 | Lair:2   | You are sucked into a shaft and drop 1 floor!
 12317 | Lair:2   | Found a hole to the Spider Nest.
 13188 | Lair:3   | Noticed Snorg
 13197 | Lair:3   | Killed Snorg
 13925 | Lair:4   | Reached skill level 10 in Dodging
 14137 | Lair:4   | Reached XP level 14. HP: 58/95 MP: 19/19
 14637 | Lair:4   | Reached skill level 15 in Fighting
 14653 | Lair:4   | Reached skill level 1 in Necromancy
 15314 | Lair:4   | Reached skill level 5 in Necromancy
 15614 | Lair:5   | Entered Level 5 of the Lair of Beasts
 15730 | Lair:5   | Found a staircase to the Slime Pits.
 17012 | Lair:5   | Reached skill level 10 in Necromancy
 17018 | Lair:5   | Learned a level 5 spell: Borgnjor's Vile Clutch
 17055 | Lair:5   | Found a burning altar of Makhleb.
 17101 | Lair:5   | Reached skill level 1 in Earth Magic
 17101 | Lair:5   | Reached XP level 15. HP: 96/103 MP: 20/20
 17275 | Lair:5   | Found a gateway to Hell.
 17282 | Lair:5   | Identified the +7 orcbow of the Building Firefly {elec, rC-
                  | rN+++ Dex+6 Stlth-}
 17805 | D:10     | Learned a level 4 spell: Animate Dead
 17810 | D:10     | Learned a level 4 spell: Dispel Undead
 18927 | D:12     | Found an opulent altar of Gozag.
 19598 | Orc:1    | Entered Level 1 of the Orcish Mines
 19755 | Orc:2    | Entered Level 2 of the Orcish Mines
 20131 | Orc:2    | Reached skill level 5 in Spellcasting
 20140 | Orc:2    | Noticed Azrael
 20173 | Orc:1    | Killed Azrael
 20540 | Orc:2    | Noticed Urug
 20550 | Orc:2    | Killed Urug
 20803 | Orc:2    | Noticed an orc warlord
 20891 | Orc:1    | Killed an orc warlord
 21265 | Orc:2    | Found Tessi's Antique Armour Emporium.
 21517 | Orc:2    | Found Murghifeit's General Store.
 21532 | Orc:2    | Found a staircase to the Elven Halls.
 21589 | Orc:2    | Found Aicw's Alliterative Armaments.
 21613 | Orc:2    | Found Cuehinoa's Jewellery Emporium.
 21717 | Orc:2    | Found Jaerphike's Antique Weapon Emporium.
 22886 | D:13     | Found Xub Zeq's Book Boutique.
 23011 | D:13     | Reached skill level 5 in Earth Magic
 23310 | D:13     | Reached XP level 16. HP: 81/108 MP: 12/27
 23396 | D:13     | Found a gate to the Vaults.
 23488 | D:13     | Found the dreamshard necklace {Acrobat *Dream}
 23654 | D:13     | Found a transporter.
 23654 | D:13     | Noticed Azoth's ghost (journeyman OnMo)
 23662 | D:13     | Found a transporter.
 24097 | D:13     | Found a gate to the Vaults.
 24099 | D:13     | Found a transporter.
 24102 | D:13     | Found a transporter.
 24230 | D:13     | Found Xub Zeq's Book Boutique.
 25199 | D:14     | Found the ring of Shadows {Umbra +Inv Stlth+}
 25350 | D:14     | Identified the ring "Adeupnum" {rPois rCorr}
 25729 | D:15     | Entered Level 15 of the Dungeon
 25820 | D:15     | Found a staircase to the Depths.
 26041 | D:15     | Found an ornate altar of the Wu Jian Council.
 26160 | D:15     | Identified the +6 dagger of Zoevvian {heavy, rF+}
 27176 | Lair:2   | Learned a level 6 spell: Death Channel
 27178 | Shoals:1 | Entered Level 1 of the Shoals
 27954 | Shoals:1 | Noticed a kraken
 28184 | Shoals:1 | Killed a kraken
 29540 | Shoals:2 | Reached XP level 17. HP: 74/116 MP: 30/30
 30411 | Shoals:1 | Reached skill level 1 in Translocations
 30675 | Shoals:2 | Noticed Polyphemus
 30740 | Shoals:2 | Noticed Nikola
 30901 | Spider:1 | Entered Level 1 of the Spider Nest
 33561 | Spider:2 | Learned a level 8 spell: Maxwell's Capacitive Coupling
 33873 | Spider:2 | Reached skill level 1 in Air Magic
 34749 | Spider:2 | Reached skill level 5 in Air Magic
 35927 | Spider:3 | Noticed Louise
 35971 | Spider:3 | Killed Louise
 36630 | Spider:3 | Reached XP level 18. HP: 123/123 MP: 1/31
 36816 | Spider:3 | Reached skill level 10 in Air Magic
 38275 | D:4      | Bought the ring of Zygicsap {+Blink rC- Slay+4 SInv} for
                  | 981 gold pieces
 38523 | Spider:4 | Entered Level 4 of the Spider Nest
 38820 | Spider:4 | Noticed Arachne
 39278 | Spider:4 | Found a transporter.
 39285 | Spider:4 | Noticed Juni's ghost (adept MiGl)
 39293 | Spider:4 | Killed Arachne
 39987 | Spider:4 | Found a transporter.
 40277 | Spider:4 | Found a transporter.
 40296 | Spider:4 | Found a transporter.
 41461 | Spider:4 | Found a transporter.
 41482 | Spider:4 | Found a transporter.
 42107 | Spider:4 | Reached skill level 15 in Air Magic
 42111 | Spider:4 | Paralysed by a hornet for 3 turns
 42293 | Spider:4 | Found the +2 pair of slick slippers {slick, slippery, EV+4}
 42322 | Spider:4 | Got a gossamer rune of Zot
 42330 | Spider:4 | Upgraded the game from 0.32-a0-86-g8db1b9f803 to
                  | 0.32-a0-119-g2e8054a333
 42966 | Shoals:2 | Killed Nikola
 43436 | Shoals:2 | Noticed Ilsuiw
 43455 | Shoals:2 | Killed Ilsuiw
 43506 | Shoals:2 | Got the Lectures on White Charms
 43829 | Shoals:2 | Killed Polyphemus
 45095 | Shoals:3 | Found Zubycedd's Distillery.
 45119 | Shoals:3 | Reached XP level 19. HP: 128/128 MP: 32/32
 45369 | Shoals:3 | Bought a potion of haste for 130 gold pieces
 45773 | Shoals:4 | Entered Level 4 of the Shoals
 45774 | Shoals:4 | Found a runed translucent gate.
 45774 | Shoals:4 | Found a runed translucent gate.
 45774 | Shoals:4 | Found a runed translucent gate.
 45776 | Shoals:4 | Found an opulent altar of Gozag.
 45778 | Shoals:4 | Found Extutuff's Assorted Antiques.
 45778 | Shoals:4 | Noticed Firecrotchwizard's ghost (adept TeBe)
 46781 | Shoals:4 | Got a barnacled rune of Zot
 47186 | Shoals:4 | Identified the +6 quarterstaff of the Puffin {heavy, Dex+6}
 47287 | Shoals:4 | Identified the +5 dire flail "Miomukay" {flame, *Noise
                  | rElec SInv}
 47337 | Shoals:4 | Identified the ring of Pyol {Fly rElec rF+ rCorr MP+9}
 47815 | Shoals:4 | Learned a level 5 spell: Curse of Agony
 47984 | Elf:1    | Entered Level 1 of the Elven Halls
 48888 | Elf:1    | Paralysed by an air elemental for 1 turns
 48916 | Elf:1    | Found Lydam's Book Shoppe.
 48992 | Elf:1    | Reached skill level 15 in Necromancy
 49435 | Elf:1    | Got the Excursus on Battling
 49801 | Elf:2    | Identified the +6 chain mail of Ykkuero {rC- rCorr Dex+3}
 49891 | Elf:2    | Found a runed translucent gate.
 49898 | Elf:2    | Found a runed translucent gate.
 49898 | Elf:2    | Found a runed translucent gate.
 49952 | Elf:2    | Found Vaocic's General Store.
 49955 | Elf:2    | Identified the serpent talisman of Kedwueho {*Slow Str+3
                  | Int+6}
 49955 | Elf:2    | Noticed Aizul
 49978 | Elf:2    | Killed Aizul
 51436 | Vaults:1 | Entered Level 1 of the Vaults
 51517 | Vaults:1 | HP: 6/130 [dire elephant (19)]
 51847 | D:13     | Found a gate to the Vaults.
 51849 | D:13     | Found a transporter.
 51852 | D:13     | Found a transporter.
 52082 | D:13     | Reached XP level 20. HP: 116/135 MP: 9/33
 52344 | D:13     | Found Xub Zeq's Book Boutique.
 54811 | Vaults:2 | You are sucked into a shaft and drop 2 floors!
 55677 | Vaults:4 | Noticed an ancient lich
 55684 | Vaults:4 | Killed an ancient lich
 56666 | Vaults:2 | Paralysed by a formless jellyfish for 1 turns
 56850 | Vaults:2 | Noticed Sojobo
 56873 | Vaults:2 | Killed Sojobo
 57231 | Vaults:2 | Reached XP level 21. HP: 141/141 MP: 29/34
 57252 | Vaults:2 | Noticed Saint Roka
 57643 | Vaults:2 | Killed Saint Roka
 57784 | Vaults:2 | Noticed Asterion
 57811 | Vaults:2 | Killed Asterion
 58146 | Vaults:2 | Reached skill level 27 in Air Magic
 58158 | Vaults:2 | Reached skill level 1 in Conjurations
 58326 | Vaults:2 | Found Vukuekk's Weapon Boutique.
 59441 | Vaults:2 | Found a staircase to the Crypt.
 60188 | Vaults:2 | Found Vukuekk's Weapon Boutique.
 60749 | Vaults:2 | Found a staircase to the Crypt.
 61135 | Vaults:3 | Reached skill level 5 in Conjurations
 61895 | Vaults:3 | Identified the +4 long sword of Toqilohar {venom, Dex+2
                  | SInv}
 61895 | Vaults:3 | Noticed Boris
 61895 | Vaults:3 | Noticed Norris
 61906 | Vaults:3 | Killed Norris
 61913 | Vaults:3 | Killed Boris
 62049 | Vaults:3 | Found Vuqe's Distillery.
 62057 | Vaults:3 | Bought a potion of resistance for 200 gold pieces
 62057 | Vaults:3 | Bought a potion of might for 80 gold pieces
 62057 | Vaults:3 | Bought a potion of cancellation for 160 gold pieces
 62057 | Vaults:3 | Bought a potion of mutation for 160 gold pieces
 62057 | Vaults:3 | Bought a potion of mutation for 160 gold pieces
 62074 | Vaults:3 | Found a glowing silver altar of Zin.
 62585 | Vaults:3 | Reached skill level 10 in Spellcasting
 63084 | Vaults:4 | Noticed an ancient lich
 63088 | Vaults:4 | Killed an ancient lich
 63089 | Vaults:4 | Reached skill level 10 in Conjurations
 63327 | Vaults:4 | Found a runed translucent gate.
 63328 | Vaults:4 | Found a runed translucent gate.
 63328 | Vaults:4 | Found a runed translucent gate.
 63328 | Vaults:4 | Noticed Qoas's ghost (adept GnCA)
 64703 | Vaults:4 | Found a viscous altar of Jiyva.
 65148 | Elf:3    | Entered Level 3 of the Elven Halls
 65230 | Elf:2    | Reached XP level 22. HP: 139/147 MP: 37/37
 65411 | Elf:3    | Found Moghail's Assorted Antiques.
 65411 | Elf:3    | Found Eriytuf's General Store.
 65421 | Elf:3    | Bought a scroll of teleportation for 84 gold pieces
 65421 | Elf:3    | Bought a scroll of enchant weapon for 210 gold pieces
 66129 | Elf:3    | Found Juluxtaga's Antique Armour Emporium.
 66784 | Elf:3    | Identified the +6 long sword "Zuonenuc" {vamp, rElec rC+}
 66784 | Elf:3    | Identified the amulet "Vicruixasu" {Acrobat rN++ Dex+4}
 67110 | Elf:3    | Identified the +8 hand axe of Foolhardiness {elec, rN+
                  | rCorr Str-5}
 67110 | Elf:3    | Identified the ring "Asmirar" {Fire rElec rPois Dex-5
                  | Slay+3}
 67187 | Elf:3    | Identified the +2 hand axe of a ziggurat {venom, rCorr
                  | Stlth+}
 67189 | Elf:3    | Identified the amulet "Udauh" {Reflect Dex+6 SH+5}
 67290 | Elf:3    | Reached skill level 15 in Conjurations
 67342 | Elf:3    | Identified the ring "Pusirr" {rN+ Will+ Int+5 SInv}
 67364 | Elf:3    | Identified the +1 spear of No Interval {freeze, Will+ Str+3
                  | Dex+3}
 67869 | Elf:3    | Got the Grimoire of Called Rot
 67872 | Elf:3    | Identified the staff of Internal Strife {rPois Hexes
                  | Alchemy}
 67878 | Elf:3    | Got the Cyclopedia of Silt
 67898 | Elf:3    | Got the Verses on the Geodesic and Spellbinding
 68110 | Elf:3    | Identified a scroll of acquirement
 68142 | Elf:3    | Acquired 844 gold pieces
 68156 | Elf:3    | Learned a level 9 spell: Chain Lightning
 68444 | Depths:1 | Entered Level 1 of the Depths
 68628 | Depths:1 | Identified the ring "Utefysuh" {*Slow rPois rN+ Str+6
                  | Dex+6}
 69690 | Depths:1 | Got the Grimoire of Points
 70989 | Depths:2 | Reached XP level 23. HP: 152/152 MP: 39/39
 71025 | Depths:2 | Found a one-way gate to the infinite horrors of the Abyss.
 71409 | Depths:2 | Found a one-way gate leading to the halls of Pandemonium.
 71489 | Depths:2 | Found the +8 frozen axe "Frostbite" {freeze, freezing
                  | cloud, *Noise Fly rC+}
 74104 | Depths:3 | Found a hazy altar of Hepliaklqana.
 74190 | Depths:4 | Entered Level 4 of the Depths
 76166 | Depths:4 | Found a one-way gateway to a ziggurat.
 76809 | Vaults:5 | Entered Level 5 of the Vaults
 77125 | Crypt:1  | Entered Level 1 of the Crypt
 77134 | Crypt:1  | Reached XP level 24. HP: 142/157 MP: 23/39
 78647 | Crypt:1  | Identified the +5 quarterstaff "Fohoen" {freeze, Will+}
 78694 | Crypt:1  | Found a large runed translucent door.
 78694 | Crypt:1  | Found a large runed translucent door.
 78700 | Crypt:1  | Noticed Goociwk's ghost (adept GrFi)
 78888 | Crypt:1  | Found a shimmering altar of Xom.
 80702 | Crypt:1  | Got Sif Muna's Quarto of Doomed Toxicology
 80923 | Crypt:1  | Killed Goociwk's ghost
 82519 | Crypt:2  | Noticed Grunn
 82523 | Crypt:2  | Killed Grunn
 82524 | Crypt:2  | Reached skill level 27 in Conjurations
 83029 | Crypt:3  | Entered Level 3 of the Crypt
 84959 | Crypt:3  | Noticed Mennas
 85530 | Crypt:3  | Noticed an ancient lich
 85542 | Crypt:3  | Killed an ancient lich
 85790 | Crypt:3  | Reached XP level 25. HP: 163/163 MP: 25/40
 85922 | Crypt:3  | Noticed Margery
 85925 | Crypt:3  | Killed Margery
 86355 | Crypt:3  | Found a shimmering altar of Xom.
 86420 | Crypt:3  | Killed Mennas
 86421 | Crypt:3  | Reached skill level 15 in Dodging
 86581 | Crypt:3  | Identified the staff of Subterfuge {*Corrode rC+ Int+2
                  | Earth}
 86865 | Crypt:3  | Identified the ring of Moral Flaws {rC- rN+ rCorr MP-9
                  | Dex+8}
 86865 | Crypt:3  | Identified the ring "Seroilop" {rPois rN+ Str+2 Dex-5}
 86865 | Crypt:3  | Identified the ring "Ykucruvy" {rN+ Str-5 Dex+5 Slay+5}
 86934 | Crypt:3  | Found a staircase to the Tomb.
 87568 | Vaults:5 | Noticed a dread lich
 87574 | Vaults:5 | Killed a dread lich
 87575 | Vaults:5 | Identified the +3 troll leather armour of Death's Door {rC+
                  | Regen+ Str+5 Slay+3}
 88669 | Vaults:5 | Found the +2 hat of the Bear Spirit {Spirit, Bear, *Rage
                  | Will++}
 89051 | Vaults:5 | Found the +7 Spriggan's Knife {stab, EV+4 Stlth+}
 89138 | Vaults:5 | Got a silver rune of Zot
 89207 | Vaults:5 | Noticed a dread lich
 89215 | Vaults:5 | Killed a dread lich
 89499 | Vaults:5 | Noticed an ancient lich
 89503 | Vaults:5 | Killed an ancient lich
 90172 | Vaults:5 | Learned a level 2 spell: Sublimation of Blood
 90182 | Vaults:5 | Learned a level 8 spell: Borgnjor's Revivification
 90658 | Slime:1  | Entered Level 1 of the Pits of Slime
 92507 | Slime:5  | Entered Level 5 of the Pits of Slime
 92741 | Slime:5  | Noticed the Royal Jelly
 93012 | Slime:5  | Killed the Royal Jelly
 93013 | Slime:5  | Reached XP level 26. HP: 152/168 MP: 31/41
 93851 | Slime:5  | Got a slimy rune of Zot
 93876 | Slime:5  | Found the +4 consecrated labrys {holy, Valiant ^Fragile Fly
                  | SInv}
 93891 | Slime:5  | Acquired 899 gold pieces
 93895 | Slime:5  | Identified the staff "Yjiahuc" {+Blink rF+ rN+ Int+3 Necro}
 93905 | Slime:5  | Identified the +2 rapier of Fofrymoradd {pain, rC+ Will+
                  | Int+3}
 93974 | Slime:5  | Identified the ring of Udeggopa {Fire rPois Str+5 Stlth-}
 94061 | Slime:5  | Got the Treatise on Immolation
 94151 | Slime:5  | Identified the ring of the Cast Vote {rN+ MP+9 Str+6 Dex+2}
 96045 | Depths:4 | Found a gate to the Realm of Zot.
 96317 | D:8      | Bought a pair of scorched gloves for 218 gold pieces
 96317 | D:8      | Identified the -1 pair of gloves of the Everdark {Harm
                  | Str+2} (You bought it in a shop on level 8 of the Dungeon)
 96583 | Zot:1    | Entered Level 1 of the Realm of Zot
100833 | Zot:2    | Reached skill level 1 in Ice Magic
101974 | Zot:3    | You are sucked into a shaft and drop 1 floor!
103896 | Zot:4    | Reached skill level 5 in Ice Magic
105612 | Zot:5    | Entered Level 5 of the Realm of Zot
105763 | Zot:5    | Acquired 1075 gold pieces
105792 | Zot:5    | Reached XP level 27. HP: 173/173 MP: 9/42
106465 | Zot:5    | Noticed an orb of fire
106469 | Zot:4    | Reached skill level 15 in Spellcasting
106731 | Zot:5    | Killed an orb of fire
106739 | Zot:5    | Noticed an orb of fire
106743 | Zot:5    | Killed an orb of fire
106748 | Zot:5    | Reached skill level 10 in Ice Magic
107164 | Zot:5    | Noticed an ancient lich
107168 | Zot:5    | Killed an ancient lich
107754 | Zot:5    | Noticed an orb of fire
107758 | Zot:5    | Killed an orb of fire
107968 | Zot:5    | Noticed an orb of fire
107972 | Zot:5    | Killed an orb of fire
108029 | Zot:5    | Learned a level 9 spell: Polar Vortex
109311 | Zot:5    | Got the Orb of Zot
109405 | Zot:1    | Noticed Effobad the pandemonium lord
109405 | Zot:1    | Noticed an ancient lich
109406 | Zot:1    | Killed an ancient lich
109409 | Zot:1    | Killed Effobad the pandemonium lord
109490 | Depths:4 | Noticed Dostrumie the pandemonium lord
109625 | D:13     | Noticed Moutor the pandemonium lord
109922 | D:$      | Escaped with the Orb!

Illustrated notes

Levels and vault maps discovered:
D:1:      sevenhm_arrival_forest_fort_large_4, layout_basic
D:2:      layout_loops_ring, minmay_circle_x
D:3:      layout_loops_corners, serial_park_tiny_1, uniq_terence, uniq_robin
D:4:      layout_cave_pools, serial_shops, nicolae_shop_back_alley_shop,
          nicolae_shop_tiny_waterfront, nicolae_shop_trees
D:5:      layout_rooms, temple_statues
D:6:      due_chaos_kobolds, layout_loops_corners, nicolae_shop_gadgets
D:7:      layout_basic
D:8:      layout_loops_corners, serial_shops, shop, uniq_joseph, uniq_pikel
D:9:      layout_loops_cross, erik_lair_island, biasface_ghost_orc_armoury
D:10:     layout_small_grid, mainiacjoe_overflow_swirl, orc_0_dummy,
          uniq_josephine
D:11:     layout_gridville
D:12:     layout_loops_ring, serial_bayou, serial_bayou_ford_a,
          serial_bayou_shore_b, serial_bayou_pond_c, serial_bayou_pond_c,
          nicolae_gozag_cash_rules_everything_around_me
D:13:     layout_stronghold, hellmonk_vaults_order_and_chaos,
          gammafunk_ghost_arena, serial_shops, nicolae_inconvenience_store,
          nicolae_splish_splash
D:14:     minmay_strange_plus, layout_basic, chequers_garden
D:15:     gammafunk_depths_entry_grave, layout_loops_ring,
          nzn_wu_jian_council_hall
Lair:1:   layout_cave_pods, lemuel_fruit_fields, uniq_amaemon, uniq_sonja
Lair:2:   layout_cave_shapes, mainiacjoe_shoals_entry_four_pools,
          hellmonk_spider_entry_not_the_bees, chequers_serial_rivers_micro_e,
          grunt_megastairs_5, infiniplex_staircase_pool, lemuel_fruit_fields
Lair:3:   layout_regular_city, minivault_23, lemuel_fruit_tree,
          grunt_megastairs_3, uniq_snorg
Lair:4:   beast_lair_carwin_large_4, layout_big_grid
Lair:5:   evil_forest, layout_cave_pods, minmay_slime_entry_pillars
Shoals:1: layout_shoals
Shoals:2: cheibrodos_shoals_epimethial_gifts, layout_shoals, uniq_polyphemus,
          uniq_nikola, uniq_ilsuiw
Shoals:3: layout_shoals, serial_shops, shop, nicolae_shoals_pincushion_passage
Shoals:4: shoals_end_grunt_garden, layout_shoals, ebering_ghost_gozag
Spider:1: layout_spider_delve
Spider:2: layout_spider_delve
Spider:3: layout_cave_pods, uniq_louise
Spider:4: spider_rune_water, nzn_ghost_randoct, nicolae_spider_world_wide_web,
          uniq_arachne
Slime:1:  cheibrodos_slime_lost_civilization_8, layout_caves
Slime:2:  layout_caves, nicolae_slime_phagocytosis
Slime:3:  layout_caves
Slime:4:  nicolae_slime_pool, layout_caves
Slime:5:  slime_pit_nicolae_block_by_block
Orc:1:    layout_diamond_mine, minmay_orc_temple_a
Orc:2:    grunt_orc_cross, layout_diamond_mine, monkooky_shop_alliterative,
          uniq_azrael
Elf:1:    nicolae_elf_arrival_fired_up, layout_loops_cross, serial_shops,
          nicolae_shop_getting_attention, minmay_elf_sorcery,
          grunt_ministairs_13
Elf:2:    elven_hall_of_blades_hangedman_original [nicolae_blade_tridents],
          layout_geoelf_octagon, serial_shops, shop, minivault_15, uniq_aizul
Elf:3:    minmay_elf_hall_statues, layout_gridlike, serial_shops, shop,
          drop_trap, st_stairs_9, minmay_shoptagon
Vaults:1: vaults_dpeg_spiral, ontoclasm_vaults_claustrophobia, v_misc_24,
          v_misc_18, nicolae_vaults_storage_closets_1,
          nicolae_vaults_little_squares_4, ontoclasm_vaults_spin,
          ontoclasm_vaults_chip, ontoclasm_vaults_ring_square,
          layout_vaults_maze_snakey
Vaults:2: nicolae_vaults_little_squares_1, vaults_room_door_hall,
          minmay_crypt_entry_skeletal_spiral, nicolae_vaults_asterisk,
          nicolae_vaults_shrinking_rooms_1, nicolae_vaults_heist, v_misc_5,
          nicolae_vaults_taking_the_gang_shopping, vaults_dpeg_encased_lava,
          nicolae_vaults_tetromino_T_1, layout_vaults_omnigrid, uniq_sojobo,
          uniq_saint_roka, uniq_asterion
Vaults:3: v_misc_23, dpeg_vaults_monster_box,
          nicolae_vaults_thirteen_compartments, grunt_vaults_hallway_short,
          nicolae_vaults_storage_closets_3, vaults_room_semicircle,
          nicolae_vaults_octothorpe, v_misc_9, hangedman_vaults_snaps,
          v_misc_26, nicolae_vaults_apartment_1, lemuel_angel_altar,
          nicolae_vaults_double_plus_1, layout_vaults_omnibox, serial_shops,
          nicolae_diamond_shop, uniq_norris, uniq_boris
Vaults:4: gammafunk_ghost_ooze, nicolae_vaults_halls_meeting,
          nicolae_vaults_little_squares_3, nicolae_vaults_double_plus_2,
          v_rooms_1, v_misc_19, ontoclasm_vaults_chip,
          hangedman_vaults_stitches, vaults_room_grid, vaults_room_octagon,
          vaults_room_door_ring, nicolae_vaults_storage_room_glass,
          nicolae_vaults_sealed_display, nicolae_vaults_windows_and_doors_thing,
          nicolae_vaults_six-pack, nicolae_vaults_storage_room_doors,
          layout_vaults_big_cross
Vaults:5
Crypt:1:  cheibrodos_crypt_draghalla, layout_misc_corridors,
          ebering_ghost_disaster_area, basic_altar
Crypt:2:  layout_catacombs, feat_on_display, uniq_grunn
Crypt:3:  cryptofortress_bobbens, uniq_margery, uniq_mennas
Depths:1: layout_gridlike, hell_entry, hangedman_research_quantum,
          grunt_megastairs_2
Depths:2: minmay_coctagon, layout_twisted_cross, hell_entry,
          nicolae_water_bricks, nicolae_abyss_entry_one_way_or_another,
          grunt_pan_entry_in_and_out, nicolae_figureground_pulse
Depths:3: kennysheep_bubbly, layout_cave_pools, abyss_entry_glasseish,
          hangedman_tar_grid_catacomb, pan_entry, serial_glass, glass_columns_c,
          glass_columns_a, glass_columns_a, glass_columns_b, glass_columns_c,
          glass_columns_c, glass_columns_a, glass_columns_b,
          nicolae_hepliaklqana_hippocampus
Depths:4: grunt_zot_entry_bicorn, layout_gridlike, enter_ziggurat_a,
          serial_sigils, serial_sigils_hangedman_confine,
          serial_sigils_hangedman_quiver, serial_sigils_hangedman_etch,
          serial_sigils_hangedman_clutch, hell_entry, abyss_entry,
          serial_bayou_shore_b
Zot:1:    layout_misc_corridors
Zot:2:    kennysheep_ambush_hall, layout_twisted_circle
Zot:3:    layout_onion, lemuel_golem_globe
Zot:4:    layout_gridlike, regret_index_zotdec_serpentine_scales
Zot:5:    layout_cathedral_of_symmetry

Skill      XL: |  1  2  3  4  5  6  7  8  9 10 11 12 13 14 15 16 17 18 19 20 21 22 23 24 25 26 27 |
---------------+----------------------------------------------------------------------------------+-----
Spellcasting   | 2 3 7 8 10 11 12 13 14 16 | 16.0
Fire Magic     | 4 5 |  5.0
Short Blades   | 3 6 |  6.0
Maces & Flails | 3 5 10 12 | 12.0
Fighting       | 4 5 7 9 11 13 15 16 17 18 | 18.0
Shields        | 1 4 5 |  5.0
Armour         | 5 9 10 12 | 12.0
Evocations     | 5 |  5.0
Dodging        | 6 10 13 19 | 19.0
Necromancy     | 10 12 14 15 16 20 | 20.0
Earth Magic    | 1 5 6 |  6.0
Translocations | 4 |  4.0
Air Magic      | 9 17 19 26 27 | 27.0
Conjurations   | 12 18 24 27 | 27.0
Ice Magic      | 6 14 | 14.3
Polearms       | |  3.2

Action                     |  1- 3 |  4- 6 |  7- 9 | 10-12 | 13-15 | 16-18 | 19-21 | 22-24 | 25-27 || total
---------------------------+-------+-------+-------+-------+-------+-------+-------+-------+-------++-------
  Melee: Spear             |    58 |       |       |       |       |       |       |       |       ||    58
         Kick              |    12 |    24 |    40 |   140 |   443 |   655 |   728 |   420 |    12 ||  2474
         Peck              |     8 |    17 |    24 |    81 |   264 |   430 |   458 |   254 |     3 ||  1539
         Punch             |     1 |     4 |     3 |       |       |       |       |       |       ||     8
         Dagger            |    11 |   110 |       |       |       |       |       |       |       ||   121
         Demon whip        |       |       |   149 |   382 |   999 |  1362 |  1308 |   719 |    23 ||  4942
   Cast: Scorch            |     9 |       |     5 |    64 |   123 |    12 |       |       |       ||   213
         Blink             |       |       |       |       |     2 |     2 |    12 |       |     1 ||    17
         Borgnjor's Vile C |       |       |       |       |    26 |   137 |   131 |    77 |       ||   371
         Animate Dead      |       |       |       |       |     7 |     5 |     8 |     2 |       ||    22
         Death Channel     |       |       |       |       |       |     4 |    21 |     9 |       ||    34
         Curse of Agony    |       |       |       |       |       |       |    12 |     6 |       ||    18
         Maxwell's Capacit |       |       |       |       |       |       |    19 |    63 |   126 ||   208
         Dispel Undead     |       |       |       |       |       |       |     7 |       |       ||     7
         Chain Lightning   |       |       |       |       |       |       |       |   184 |   214 ||   398
         Sublimation of Bl |       |       |       |       |       |       |       |       |    17 ||    17
 Invoke: Rising Flame      |       |       |       |       |       |       |       |       |     1 ||     1
Ability: Evoke Invisibilit |       |       |       |       |       |     1 |       |       |       ||     1
  Evoke: Wand              |       |       |       |       |     9 |    26 |     7 |     1 |     3 ||    46
         Box of beasts     |       |       |       |       |     1 |     2 |     2 |       |       ||     5
         Phantom mirror    |       |       |       |       |       |     2 |     2 |       |       ||     4
         Phial of floods   |       |       |       |       |       |       |       |     1 |       ||     1
    Use: Scroll            |       |     4 |       |     6 |    17 |     9 |    11 |     8 |     9 ||    64
         Potion            |       |       |       |       |     4 |     9 |     5 |       |    15 ||    33
   Stab: Sleeping          |     2 |       |       |       |       |     1 |     1 |       |       ||     4
         Distracted        |       |       |       |       |       |     6 |       |     1 |       ||     7
         Invisible         |       |       |       |       |       |     5 |       |       |       ||     5
 Armour: Robe              |    20 |     2 |       |       |       |       |       |       |       ||    22
         Ring mail         |       |    46 |    50 |   168 |   415 |    37 |       |       |       ||   716
         Quicksilver drago |       |       |       |       |       |   599 |   567 |   369 |   153 ||  1688
  Dodge: Dodged            |    33 |    53 |    65 |   176 |   650 |  1074 |   746 |   464 |   187 ||  3448
  Block: Buckler           |       |       |    18 |    53 |   227 |   525 |   319 |   479 |   160 ||  1781
         Reflection        |       |       |       |       |    29 |    34 |    63 |   100 |    84 ||   310

Table legend: (Time is in decaauts)
 A = Elapsed time spent in this place.
 B = Non-inter-level travel time spent in this place.
 C = Inter-level travel time spent in this place.
 D = Time resting spent in this place.
 E = Time spent auto-exploring this place.
 F = Levels seen in this place.
 G = Mean time per level.
                   A        B        C        D        E       F      G
               +--------+--------+--------+--------+--------+-----+--------+
         Total | 107715 |  98482 |   9233 |  24594 |  57014 |  55 | 1958.5 |
       Dungeon |  18751 |  15069 |   3682 |    898 |  11740 |  15 | 1250.1 |
          Lair |   8819 |   8119 |    700 |   1451 |   5315 |   5 | 1763.8 |
        Shoals |   8709 |   8373 |    336 |   2483 |   4437 |   4 | 2177.2 |
   Spider Nest |  10503 |  10114 |    389 |   2325 |   6154 |   4 | 2625.8 |
    Slime Pits |   4536 |   4358 |    178 |   1698 |   2009 |   5 |  907.2 |
  Orcish Mines |   3294 |   2917 |    377 |    940 |   1187 |   2 | 1647.0 |
   Elven Halls |   6246 |   5542 |    704 |   1450 |   2520 |   3 | 2082.0 |
        Vaults |  17295 |  15899 |   1396 |   5137 |   8311 |   5 | 3459.0 |
         Crypt |   8562 |   8324 |    238 |   2693 |   4191 |   3 | 2854.0 |
        Depths |   9723 |   8829 |    894 |   3165 |   3840 |   4 | 2430.8 |
           Zot |  11272 |  10939 |    333 |   2353 |   7310 |   5 | 2254.4 |
               +--------+--------+--------+--------+--------+-----+--------+

Top non-repeatable levels by time:
Vaults:2: 6016 daAuts
Vaults:4: 4369 daAuts
   Zot:5: 3371 daAuts
Spider:4: 3287 daAuts
Spider:3: 3285 daAuts
 Crypt:3: 3267 daAuts
    D:13: 3257 daAuts
 Crypt:1: 3074 daAuts
Depths:4: 3048 daAuts
Shoals:1: 2951 daAuts
Depths:1: 2896 daAuts
Vaults:1: 2664 daAuts
Shoals:2: 2550 daAuts
   Elf:3: 2513 daAuts
 Slime:5: 2303 daAuts
